 Dungeon Crawl Stone Soup version 0.30-a0-715-gdb4ae3ece1 (webtiles) character file.

Game seed: 3683702503091342518

7 Shayle the Conjurer (level 1, -1/16 HPs)
             Began as a Demonspawn Reaver on Jan 24, 2023.
             Slain by a kobold
             ... wielding a +2 hand axe of flaming
              (5 damage)
             ... on level 1 of the Dungeon.
             The game lasted 00:01:11 (353 turns).

Shayle the Conjurer (Demonspawn Reaver)              Turns: 353, Time: 00:01:11

Health: -1/16      AC:  3    Str: 12    XL:     1   Next: 83%
Magic:  3/3        EV: 11    Int: 14    God:
Gold:   25         SH:  0    Dex: 11    Spells: 3/4 levels left

rFire   . . .      SeeInvis .    a - +0 spear
rCold   . . .      Faith    .    (no shield)
rNeg    . . .      Spirit   .    b - +0 leather armour
rPois   .          Reflect  .    (no helmet)
rElec   .          Harm     .    (no cloak)
rCorr   .          Rampage  .    (no gloves)
Will    .....                    (no boots)
Stlth   +                        (no amulet)
HPRegen 0.22/turn                (no ring)
MPRegen 0.08/turn                (no ring)

@: hasted, very quick
A: no striking features
a: no special abilities


You were on level 1 of the Dungeon.
You visited 1 branch of the dungeon, and saw 1 of its levels.

You collected 25 gold pieces.

Inventory:

Hand Weapons
 a - a +0 spear (weapon)
Armour
 b - a +0 leather armour (worn)
Scrolls
 c - 2 scrolls of identify {unknown}


   Skills:
 + Level 2.1 Fighting
 - Level 2.6 Polearms
 + Level 2.0 Dodging
 + Level 0.4 Stealth
 - Level 2.0 Spellcasting
 - Level 3.0 Conjurations
 + Level 0.4 Hexes


You had 3 spell levels left.
You knew the following spells:

 Your Spells              Type           Power      Damage    Failure   Level
a - Kiss of Death         Conj/Necr      20%        2d7       16%         1

Your spell library contained the following spells:

 Spells                   Type           Power      Damage    Failure   Level
 Momentum Strike          Conj/Tloc      10%        3d8       24%         2
 Hailstorm                Conj/Ice       5%         3d4       43%         3


Dungeon Overview and Level Annotations

Branches:
Dungeon (1/15)

Altars:


Message History

The goblin hits you with a +0 dagger.
You closely miss the goblin.
The goblin is moderately wounded.
The goblin hits you with a +0 dagger.
You completely miss the goblin.
The goblin is moderately wounded.
The goblin hits you but does no damage.
You hit the goblin.
You kill the goblin!
Things that are here:
a +0 dagger; a goblin corpse
Things that are here:
a +0 dagger; a goblin corpse
Found a stone staircase leading down.
Found 4 poisoned darts.
There is a stone staircase leading down here.
Found a robe.
You open the door.
There is an open door here.
A rat comes into view.
The kobold throws a stone.
The stone closely misses you.
The kobold throws a stone.
The stone closely misses you.
Found a +0 short sword.
You hit the rat.
You kill the rat!
The kobold throws a stone.
The stone hits you but does no damage.
Your Dodging skill increases to level 2!
Found a scroll labelled TIEBALURAU.
The kobold throws a stone.
The stone closely misses you.
The kobold throws a stone.
The stone hits you but does no damage. The kobold misses you.
You barely miss the kobold.
The kobold hits you with a +2 hand axe of flaming!
Ouch! That really hurt!
The kobold burns you.
* * * LOW HITPOINT WARNING * * *
You closely miss the kobold. The kobold barely misses you.
It was a potion of haste.
You feel yourself speed up.
The kobold hits you with a +2 hand axe of flaming.
You die...

##### #...# #...# #...#
#...###.########### #.
#.......#..........
##...#####..K# #.######...
'..........@.# ##'######...
####...###..## #.......#...
#...###..#####....[..#...
).........................
###...###.##..#........###.
#... #.###.#........# #.
#... #.......#.########.
#..? #####.....# #....
######.....## #....


You could see a kobold.

Vanquished Creatures
  An endoplasm (D:1)
  3 goblins (D:1)
  A bat (D:1)
  A rat (D:1)
6 creatures vanquished.

Notes
Turn   | Place    | Note
-------+----------+-------------------------------------------
     0 | D:1      | Shayle the Demonspawn Reaver began the quest for the Orb.
     0 | D:1      | Reached XP level 1. HP: 16/16 MP: 3/3
   353 | D:1      | Slain by a kobold

Illustrated notes

Levels and vault maps discovered:
D:1:      dpeg_arrival_water_fire, layout_basic, serial_shops, shop

Skill      XL: |  1 |
---------------+----+-----
Dodging        | 2 |  2.0
Fighting       | |  2.1
Polearms       | |  2.6
Stealth        | |  0.4
Spellcasting   | |  2.0
Conjurations   | |  3.0
Hexes          | |  0.4

Action                     || total
---------------------------++-------
  Melee: Spear             ||    37
    Use: Potion            ||     1
 Armour: Leather armour    ||    10
  Dodge: Dodged            ||    15

Table legend: (Time is in decaauts)
 A = Elapsed time spent in this place.
 B = Non-inter-level travel time spent in this place.
 C = Inter-level travel time spent in this place.
 D = Time resting spent in this place.
 E = Time spent auto-exploring this place.
 F = Levels seen in this place.
 G = Mean time per level.
                   A        B        C        D        E       F      G
               +--------+--------+--------+--------+--------+-----+--------+
         Total |    351 |    351 |      0 |     54 |    218 |   1 |  351.0 |
       Dungeon |    351 |    351 |      0 |     54 |    218 |   1 |  351.0 |
               +--------+--------+--------+--------+--------+-----+--------+

Top non-repeatable levels by time:
     D:1: 351 daAuts
